AA CENTRAL
TULSA DRILLERS @ AMARILLO SOD POODLES
08/30/2041
 
TOP OF THE 1ST
Tulsa Drillers batting - Pitching for Amarillo Sod Poodles : LHP Alex Hamilton
Pitching: LHP Alex Hamilton
Batting: RHB Alfredo Gutiérrez 0-0: Ball
1-0: Fly out, F8 (Flyball, 8RD, EV 100.0 MPH)
Batting: LHB Gene Owen 0-0: Ball
1-0: Ball
2-0: Foul Ball, location: 5F
2-1: Swinging Strike
2-2: Strikes out swinging
Batting: RHB Ron Richardson 0-0: Called Strike
0-1: Ball
1-1: Foul Ball, location: 9LSF
1-2: Strikes out swinging
Top of the 1st over - 0 runs, 0 hits, 0 errors, 0 left on base; Tulsa 0 - Amarillo 0
BOTTOM OF THE 1ST
Amarillo Sod Poodles batting - Pitching for Tulsa Drillers : RHP José Díaz
Pitching: RHP José Díaz
Batting: RHB Pancho Castellanos 0-0: Called Strike
0-1: Foul Ball, location: 25F
0-2: Ball
1-2: SINGLE (Line Drive, 89M, EV 84.4 MPH)
Batting: RHB Stan Hammons 0-0: Called Strike
Pancho Castellanos steals 2nd base
0-1: Ball
1-1: Ball
2-1: Foul Ball, location: 9LDF
2-2: Ball
3-2: 2-RUN HOME RUN (Flyball, 89XD, EV 102.5 MPH), Distance : 403 ft
Batting: LHB Jared Gyll 0-0: Ball
1-0: Ball
2-0: Ball
3-0: Base on Balls
Batting: RHB Greg Jamison 0-0: Swinging Strike
0-1: Foul Ball, location: 2F
0-2: Ball
1-2: Strikes out swinging
Batting: SHB Joe Gibson 0-0: Ball
1-0: Ball
2-0: Swinging Strike
2-1: Ball
3-1: Swinging Strike
3-2: DOUBLE (Line Drive, 5D, EV 95.0 MPH)
Jared Gyll to third
Jared Gyll scores
Batting: RHB José Elrayes 0-0: Foul Ball, location: 5F
0-1: Foul Ball, location: 3FF
0-2: Foul Ball, location: 2F
0-2: Foul Ball, location: 9LMF
0-2: Ground out 4-3 (Groundball, 34, EV 108.1 MPH)
Joe Gibson to third
Batting: RHB Phil MacNamara 0-0: Ball
1-0: Swinging Strike
1-1: Foul Ball, location: 5F
1-2: Foul Ball, location: 5FF
1-2: Foul Ball, location: 5DF
1-2: Ball
2-2: Strikes out looking
Bottom of the 1st over - 3 runs, 3 hits, 0 errors, 1 left on base; Tulsa 0 - Amarillo 3
TOP OF THE 2ND
Tulsa Drillers batting - Pitching for Amarillo Sod Poodles : LHP Alex Hamilton
Batting: RHB José Vázquez 0-0: Ball
1-0: SOLO HOME RUN (Flyball, 7D, EV 94.4 MPH), Distance : 351 ft
Batting: RHB Tim Bi 0-0: Ball
1-0: Ball
2-0: Foul Ball, location: 23FF
2-1: Ball
3-1: Foul Ball, location: 9LMF
3-2: Base on Balls
Batting: RHB Aodhán Drinkall 0-0: Ball
1-0: Fly out, F6 (Popup, 15S, EV 80.6 MPH)
Batting: RHB Greg Tillett 0-0: Called Strike
0-1: Grounds into double play, 6-4-3 (Groundball, 6, EV 90.6 MPH)
Top of the 2nd over - 1 run, 1 hit, 0 errors, 0 left on base; Tulsa 1 - Amarillo 3
BOTTOM OF THE 2ND
Amarillo Sod Poodles batting - Pitching for Tulsa Drillers : RHP José Díaz
Batting: LHB José Luna 0-0: Ball
1-0: Ground out U3 (Groundball, 3, EV 106.9 MPH)
Batting: RHB António Guerra 0-0: Ball
1-0: Ball
2-0: Ball
3-0: Called Strike
3-1: Base on Balls
Batting: RHB Pancho Castellanos 0-0: Ball
1-0: Called Strike
1-1: Foul Ball, location: 5F
1-2: Ball
2-2: Ball
3-2: Fly out, F8 (Flyball, 89M, EV 98.8 MPH)
Batting: RHB Stan Hammons 0-0: Foul Ball, location: 9LDF
0-1: Swinging Strike
0-2: Ball
1-2: Foul Ball, location: 2LF
1-2: DOUBLE (Groundball, 5L, EV 104.4 MPH)
António Guerra to third
Runner from 3rd tries for Home, SAFE, no throw by LF
Batting: LHB Jared Gyll 0-0: Called Strike
0-1: SINGLE (Groundball, 6MD, EV 110.6 MPH)
Stan Hammons to third
Runner from 3rd tries for Home, SAFE, throw by CF to home
Pitching: RHP Juan Oliba
Batting: RHB Greg Jamison 0-0: Ball
1-0: Foul Ball, location: 5F
1-1: Foul Ball, location: 9LMF
1-2: Foul Ball, location: 23F
1-2: DOUBLE (Line Drive, 9LS, EV 92.5 MPH)
Jared Gyll to third
Runner from 3rd tries for Home, SAFE, no throw by RF
Batting: SHB Joe Gibson 0-0: Called Strike
0-1: Swinging Strike
0-2: Strikes out swinging
Bottom of the 2nd over - 3 runs, 3 hits, 0 errors, 1 left on base; Tulsa 1 - Amarillo 6
TOP OF THE 3RD
Tulsa Drillers batting - Pitching for Amarillo Sod Poodles : LHP Alex Hamilton
Batting: RHB Tadanobu Ichihara 0-0: Swinging Strike
0-1: Ball
1-1: Fly out, F9 (Flyball, 9S, EV 90.0 MPH)
Batting: LHB José Valdéz 0-0: Ball
1-0: Ball
2-0: Ball
3-0: Swinging Strike
3-1: Foul Ball, location: 2F
3-2: SINGLE (Groundball, 4MD, EV 103.8 MPH)
Batting: RHB Alfredo Gutiérrez 0-0: Swinging Strike
0-1: Ball
1-1: Foul Ball, location: 2F
1-2: Strikes out swinging
Batting: LHB Gene Owen 0-0: Ball
1-0: Ball
2-0: Foul Ball, location: 23F
2-1: Called Strike
2-2: Foul Ball, location: 7LDF
2-2: Ball
3-2: Strikes out looking
Top of the 3rd over - 0 runs, 1 hit, 0 errors, 1 left on base; Tulsa 1 - Amarillo 6
BOTTOM OF THE 3RD
Amarillo Sod Poodles batting - Pitching for Tulsa Drillers : RHP Juan Oliba
Batting: RHB José Elrayes 0-0: Swinging Strike
0-1: Ball
1-1: Swinging Strike
1-2: Ball
2-2: Strikes out swinging
Batting: RHB Phil MacNamara 0-0: Ball
1-0: Ball
2-0: SINGLE (Groundball, 34D, EV 106.9 MPH)
Batting: LHB José Luna 0-0: Ball
1-0: Called Strike
1-1: Fielders Choice at 2nd, 4-6 (Groundball, 34, EV 100.0 MPH)
Now at SS: Álex Chávez
Batting: RHB António Guerra 0-0: Called Strike
0-1: Foul Ball, location: 2F
0-2: Foul Ball, location: 23FF
0-2: Ball
1-2: Foul Ball, location: 5F
1-2: Ground out 6-3 (Groundball, 6, EV 84.4 MPH)
Bottom of the 3rd over - 0 runs, 1 hit, 0 errors, 1 left on base; Tulsa 1 - Amarillo 6
TOP OF THE 4TH
Tulsa Drillers batting - Pitching for Amarillo Sod Poodles : LHP Alex Hamilton
Batting: RHB Ron Richardson 0-0: Called Strike
0-1: Fly out, F7 (Flyball, 7, EV 98.8 MPH)
Batting: RHB José Vázquez 0-0: Called Strike
0-1: Swinging Strike
0-2: Ball
1-2: Ball
2-2: Ball
3-2: Foul Ball, location: 2F
3-2: Foul Ball, location: 3SF
3-2: DOUBLE (Line Drive, 9LM, EV 102.5 MPH)
Batting: RHB Tim Bi 0-0: Called Strike
0-1: Ball
1-1: Foul Ball, location: 5F
1-2: Ball
2-2: Ball
3-2: Foul Ball, location: 25F
3-2: SINGLE (Groundball, 34D, EV 105.0 MPH)
José Vázquez to third
Batting: RHB Aodhán Drinkall 0-0: Called Strike
0-1: Foul Ball, location: 5F
0-2: Foul Ball, location: 2F
0-2: Strikes out swinging
Batting: RHB Greg Tillett 0-0: Called Strike
0-1: Ball
1-1: Foul Ball, location: 3SF
1-2: Ball
2-2: Foul Ball, location: 9LDF
2-2: Strikes out swinging
Top of the 4th over - 0 runs, 2 hits, 0 errors, 2 left on base; Tulsa 1 - Amarillo 6
BOTTOM OF THE 4TH
Amarillo Sod Poodles batting - Pitching for Tulsa Drillers : RHP Juan Oliba
Batting: RHB Pancho Castellanos 0-0: Foul Ball, location: 2F
0-1: DOUBLE (Line Drive, 9LS, EV 98.1 MPH)
Batting: RHB Stan Hammons 0-0: Ball
1-0: Foul Ball, location: 25F
1-1: Ball
2-1: Ball
3-1: Base on Balls
Batting: LHB Jared Gyll 0-0: Ball
1-0: Ball
2-0: Called Strike
2-1: Ball
3-1: Foul Ball, location: 2F
3-2: Ground out 4-3 (Groundball, 4S, EV 70.6 MPH)
Pancho Castellanos to third
Stan Hammons to second
Batting: RHB Greg Jamison 0-0: Called Strike
0-1: Foul Ball, location: 9LSF
0-2: Ball
1-2: Ball
2-2: Ball
3-2: SINGLE (Line Drive, 6MD, EV 96.3 MPH)
Pancho Castellanos scores
Stan Hammons to third
Pitching: RHP Bob Wright
Batting: SHB Joe Gibson 0-0: Ball
1-0: Ball
2-0: Foul Ball, location: 2RF
2-1: Swinging Strike
2-2: Strikes out swinging
Batting: RHB José Elrayes 0-0: SINGLE (Groundball, 4MD, EV 104.4 MPH) (infield hit)
Stan Hammons scores
Greg Jamison to second
Batting: RHB Phil MacNamara 0-0: Ball
1-0: Ball
2-0: Called Strike
2-1: Foul Ball, location: 23FF
2-2: Ball
Wild Pitch!
Greg Jamison to third
José Elrayes to second
3-2: Ground out 4-3 (Groundball, 4, EV 88.1 MPH)
Bottom of the 4th over - 2 runs, 3 hits, 0 errors, 2 left on base; Tulsa 1 - Amarillo 8
TOP OF THE 5TH
Tulsa Drillers batting - Pitching for Amarillo Sod Poodles : LHP Alex Hamilton
Batting: RHB Tadanobu Ichihara 0-0: Called Strike
0-1: Ball
1-1: Swinging Strike
1-2: Strikes out swinging
Batting: LHB José Valdéz 0-0: Swinging Strike
0-1: Ball
1-1: Swinging Strike
1-2: Ball
2-2: Foul Ball, location: 3SF
2-2: Strikes out swinging
Batting: RHB Álex Chávez 0-0: Ball
1-0: Called Strike
1-1: Foul Ball, location: 9LSF
1-2: Strikes out looking
Top of the 5th over - 0 runs, 0 hits, 0 errors, 0 left on base; Tulsa 1 - Amarillo 8
BOTTOM OF THE 5TH
Amarillo Sod Poodles batting - Pitching for Tulsa Drillers : RHP Bob Wright
Batting: LHB José Luna 0-0: Ball
1-0: Ground out U3 (Groundball, 3, EV 88.1 MPH)
Batting: RHB António Guerra 0-0: Ball
1-0: Called Strike
1-1: Called Strike
1-2: Ball
2-2: Foul Ball, location: 2F
2-2: Ball
3-2: Base on Balls
Batting: RHB Pancho Castellanos 0-0: Ball
1-0: Called Strike
1-1: Foul Ball, location: 2F
1-2: Ball
2-2: Grounds into double play, 6-4-3 (Groundball, 6, EV 101.3 MPH)
Bottom of the 5th over - 0 runs, 0 hits, 0 errors, 0 left on base; Tulsa 1 - Amarillo 8
TOP OF THE 6TH
Tulsa Drillers batting - Pitching for Amarillo Sod Poodles : LHP Alex Hamilton
Batting: LHB Gene Owen 0-0: Ground out 6-3 (Groundball, 56D, EV 90.0 MPH)
Batting: RHB Ron Richardson 0-0: Ball
1-0: Ball
2-0: Swinging Strike
2-1: Foul Ball, location: 5SF
2-2: Ground out 6-3 (Groundball, 6, EV 101.9 MPH)
Batting: RHB José Vázquez 0-0: Ball
1-0: Called Strike
1-1: Foul Ball, location: 2F
1-2: Ball
2-2: Strikes out swinging
Top of the 6th over - 0 runs, 0 hits, 0 errors, 0 left on base; Tulsa 1 - Amarillo 8
BOTTOM OF THE 6TH
Amarillo Sod Poodles batting - Pitching for Tulsa Drillers : RHP Bob Wright
Batting: RHB Stan Hammons 0-0: Swinging Strike
0-1: Ball
1-1: Ball
2-1: Foul Ball, location: 23F
2-2: Ball
3-2: Strikes out swinging
Batting: LHB Jared Gyll 0-0: Called Strike
0-1: Ball
1-1: Foul Ball, location: 2LF
1-2: Foul Ball, location: 7LSF
1-2: Foul Ball, location: 2F
1-2: Ball
2-2: Ball
3-2: Foul Ball, location: 2F
3-2: Foul Ball, location: 3F
3-2: Fly out, F8 (Flyball, 89D, EV 91.3 MPH)
Pitching: RHP Jim Unknown
Batting: RHB Greg Jamison 0-0: Ball
1-0: Called Strike
1-1: Ball
2-1: Called Strike
2-2: DOUBLE (Line Drive, 89M, EV 105.6 MPH)
Batting: SHB Joe Gibson 0-0: Ball
1-0: Ball
2-0: Foul Ball, location: 7LSF
2-1: Foul Ball, location: 9LSFF
2-2: Ground out 1-3 (Groundball, 15S, EV 65.6 MPH)
Bottom of the 6th over - 0 runs, 1 hit, 0 errors, 1 left on base; Tulsa 1 - Amarillo 8
TOP OF THE 7TH
Tulsa Drillers batting - Pitching for Amarillo Sod Poodles : LHP Alex Hamilton
Pinch Hitting: RHB Chris Thomas 0-0: Ball
1-0: Ball
2-0: Ball
3-0: Called Strike
3-1: Fly out, F3 (Popup, 23F, EV 91.9 MPH)
Batting: RHB Aodhán Drinkall 0-0: Foul Ball, location: 5FF
0-1: Called Strike
0-2: Ball
1-2: Strikes out swinging
Batting: RHB Greg Tillett 0-0: Ball
1-0: Ball
2-0: Called Strike
2-1: Swinging Strike
2-2: Ball
3-2: Strikes out swinging
Top of the 7th over - 0 runs, 0 hits, 0 errors, 0 left on base; Tulsa 1 - Amarillo 8
BOTTOM OF THE 7TH
Amarillo Sod Poodles batting - Pitching for Tulsa Drillers : RHP Jim Unknown
Now at 1B: Ben Holmes
Batting: RHB José Elrayes 0-0: Swinging Strike
0-1: Ball
1-1: Ball
2-1: Called Strike
2-2: Ball
3-2: Strikes out looking
Batting: RHB Phil MacNamara 0-0: Foul Ball, location: 23FF
0-1: Ball
1-1: Foul Ball, location: 9LSF
1-2: Fly out, F8 (Flyball, 89M, EV 85.6 MPH)
Batting: LHB José Luna 0-0: Called Strike
0-1: Ball
1-1: Ball
2-1: Swinging Strike
2-2: Foul Ball, location: 2F
2-2: SINGLE (Groundball, 4MD, EV 97.5 MPH)
Batting: RHB António Guerra 0-0: Ball
José Luna steals 2nd base
1-0: Ball
2-0: Ball
3-0: Base on Balls
Batting: RHB Pancho Castellanos 0-0: Ball
1-0: Ball
2-0: Ball
3-0: Called Strike
3-1: Swinging Strike
3-2: Base on Balls
José Luna to third
António Guerra to second
Batting: RHB Stan Hammons 0-0: Swinging Strike
0-1: Swinging Strike
0-2: Ball
1-2: Foul Ball, location: 5FF
1-2: Strikes out swinging
Bottom of the 7th over - 0 runs, 1 hit, 0 errors, 3 left on base; Tulsa 1 - Amarillo 8
TOP OF THE 8TH
Tulsa Drillers batting - Pitching for Amarillo Sod Poodles : LHP Alex Hamilton
Pitching: RHP Ken Pittman
Batting: RHB Tadanobu Ichihara 0-0: Ball
1-0: Ball
2-0: Fly out, F8 (Flyball, 89M, EV 92.5 MPH)
Batting: LHB José Valdéz 0-0: Ball
1-0: Ball
2-0: Ground out 4-3 (Groundball, 4, EV 80.0 MPH)
Batting: RHB Álex Chávez 0-0: Ground out 6-3 (Groundball, P, EV 81.9 MPH)
Top of the 8th over - 0 runs, 0 hits, 0 errors, 0 left on base; Tulsa 1 - Amarillo 8
BOTTOM OF THE 8TH
Amarillo Sod Poodles batting - Pitching for Tulsa Drillers : RHP Jim Unknown
Batting: LHB Jared Gyll 0-0: DOUBLE (Line Drive, 89D, EV 99.4 MPH)
Batting: RHB Greg Jamison 0-0: Ball
1-0: SINGLE (Line Drive, 89S, EV 99.4 MPH)
Jared Gyll to third
Batting: SHB Joe Gibson 0-0: Ball
1-0: Swinging Strike
1-1: Swinging Strike
1-2: Fly out, F8 (Flyball, 8RD, EV 89.4 MPH)
Runner from 3rd tags up, SCORES, throw by CF
Batting: RHB José Elrayes 0-0: Ball
1-0: Ball
2-0: Called Strike
2-1: Ball
3-1: Base on Balls
Greg Jamison to second
Batting: RHB Phil MacNamara 0-0: Ball
1-0: Ball
2-0: Ball
3-0: Base on Balls
Greg Jamison to third
José Elrayes to second
Batting: LHB José Luna 0-0: Ball
1-0: Called Strike
1-1: Ball
2-1: Foul Ball, location: 2F
2-2: Ball
3-2: Foul Ball, location: 5F
3-2: Grounds into fielders choice 6-2 (Groundball, 6M, EV 102.5 MPH)
José Elrayes to third
Phil MacNamara to second
Pitching: LHP Jim Unknown
Batting: RHB António Guerra 0-0: Called Strike
0-1: Called Strike
0-2: Strikes out swinging
Bottom of the 8th over - 1 run, 2 hits, 0 errors, 3 left on base; Tulsa 1 - Amarillo 9
TOP OF THE 9TH
Tulsa Drillers batting - Pitching for Amarillo Sod Poodles : RHP Ken Pittman
Batting: LHB Gene Owen 0-0: Ball
1-0: Ball
2-0: Ball
3-0: Foul Ball, location: 2F
3-1: Base on Balls
Batting: RHB Ron Richardson 0-0: Ball
1-0: Ball
2-0: Ball
3-0: Base on Balls
Gene Owen to second
Batting: RHB José Vázquez 0-0: Ball
1-0: DOUBLE (Line Drive, 89XD, EV 108.8 MPH)
Gene Owen scores
Ron Richardson to third
Pinch Hitting: LHB Jorge Domínguez 0-0: Called Strike
0-1: Foul Ball, location: 23F
0-2: Strikes out swinging
Batting: RHB Aodhán Drinkall 0-0: Called Strike
0-1: Ball
1-1: Called Strike
1-2: Ball
2-2: Strikes out swinging
Batting: RHB Greg Tillett 0-0: Foul Ball, location: 2F
0-1: Ball
1-1: Called Strike
1-2: Foul Ball, location: 2F
1-2: Strikes out swinging
Top of the 9th over - 1 run, 1 hit, 0 errors, 2 left on base; Tulsa 2 - Amarillo 9
Monday, April 1st , 2024 - OOTP Baseball 24.10 Build 82